 Dungeon Crawl Stone Soup version 0.24.1-14-gf8d2b509d9 (webtiles) character file.

Game seed: 6889176242795235583, levelgen mode: deterministic

46248 engine7v the Basher (level 14, 0/110 HPs)
             Began as a Demonspawn Berserker on May 28, 2020.
             Was a High Priest of Trog.
             Slain by a seven-headed hydra (9 damage)
             ... on level 1 of the Swamp.
             The game lasted 02:16:33 (17245 turns).

engine7v the Basher (Demonspawn Berserker)         Turns: 17245, Time: 02:16:33

Health: 0/110      AC: 39    Str: 20    XL:     14   Next: 4%
Magic:  0/14       EV:  4    Int:  9    God:    Trog [*****.]
Gold:   982        SH: 12    Dex: 17    Spells: 13/13 levels left

rFire    + . .     SeeInvis .   z - +10 mace of Slime {flame, *Noise rC+ Dex+2}
rCold    + + +     Gourm    .   A - +0 shield
rNeg     . . .     Faith    +   D - +9 scales of the Dragon King {rPois rF+ rC+ MR+}
rPois    +         Spirit   +   w - +0 helmet
rElec    .         Reflect  .   m - scarf {Spirit}
rCorr    .         Harm     .   H - +0 pair of gloves
MR       ++++.                  (no boots)
Stlth    ..........             C - amulet of faith
HPRegen  1.28/turn              s - ring of poison resistance
MPRegen  0.14/turn              B - ring of flight

@: sanguine armour, regenerating
A: hooves 2, cold resistance 1, spiny 3, sanguine armour 2
a: Berserk, Trog's Hand, Brothers in Arms, Renounce Religion, Evoke Flight


You were on level 1 of the Swamp.
You worshipped Trog.
Trog was extremely pleased with you.
You were not hungry.

You visited 5 branches of the dungeon, and saw 17 of its levels.

You collected 982 gold pieces.

Inventory:

Hand Weapons
 d - a +1 antimagic trident
 g - a +5 hand axe
 r - a +0 war axe
 z - the +10 mace of Slime (weapon) {flame, *Noise rC+ Dex+2}
   (You found it on level 7 of the Dungeon)

   It has been specially enchanted to burn those struck by it, causing extra
   injury to most foes and up to half again as much damage against particularly
   susceptible opponents.
   It affects your dexterity (+2).
   It protects you from cold.
   It may make noises in combat.
 L - a +2 war axe of chopping
 P - a +3 morningstar of protection
Armour
 h - a +0 cloak of poison resistance
 j - a +0 chain mail
 m - a scarf of spirit shield (worn)
 w - a +0 helmet (worn)
 A - a +0 shield (worn)
 D - the +9 scales of the Dragon King (worn) {rPois rF+ rC+ MR+}
   (You found it on level 1 of the Lair of Beasts)

   It protects you from fire.
   It protects you from cold.
   It protects you from poison.
   It affects your resistance to hostile enchantments.
 G - +0 fire dragon scales
 H - a +0 pair of gloves (worn)
Jewellery
 s - a ring of poison resistance (left hand)
 x - an uncursed ring of ice
 B - a ring of flight (right hand)
 C - an amulet of faith (around neck)
 E - an uncursed ring of magical power
 U - an uncursed ring of positive energy {unknown}
Wands
 K - a wand of paralysis (7)
 Q - a wand of polymorph (12)
 S - a wand of acid (11)
Scrolls
 c - 4 scrolls of fog
 e - 10 scrolls of remove curse
 f - 3 scrolls of teleportation
 k - 3 scrolls of enchant armour
 p - 4 scrolls of magic mapping
 u - a scroll of enchant weapon {unknown}
 y - 3 scrolls of amnesia
 I - 2 scrolls of identify
 O - a scroll of acquirement {unknown}
 R - a scroll of blinking
Potions
 a - 2 potions of curing
 i - 3 potions of brilliance
 l - 2 potions of lignification
 n - 2 potions of cancellation
 o - 2 potions of resistance
 q - a potion of might
 v - 3 potions of mutation
 F - a potion of berserk rage
 J - 2 potions of flight {unknown}
 M - a potion of magic {unknown}
 N - a potion of degeneration {unknown}
 T - a potion of haste {unknown}
Miscellaneous
 t - 2 sacks of spiders
Comestibles
 b - 14 rations


   Skills:
 + Level 10.2 Fighting
 + Level 9.2(11.7) Axes
 + Level 11.9(13.0) Maces & Flails
 + Level 11.0 Armour
 + Level 4.3 Dodging
 + Level 1.5 Stealth
 + Level 9.3 Shields


You had 13 spell levels left.
You didn't know any spells.
Your spell library was empty.

Dungeon Overview and Level Annotations

Branches:
Dungeon (8/15)             Temple (1/1) D:4            Lair (6/6) D:8
  Swamp (1/4) Lair:3        Snake (0/4) Lair:3        Slime (1/5) Lair:6

Altars:
Ashenzari
Cheibriados
Dithmenos
Elyvilon
Fedhas
Gozag
Hepliaklqana
Kikubaaqudgha
Makhleb
Nemelex Xobeh
Okawaru
Qazlal
Ru
Sif Muna
Trog
Uskayaw
Vehumet
Wu Jian
Xom
Yredelemnul
Zin
The Shining One
Jiyva

Shops:
D:7 :

Annotations:
D:6 1 runed translucent door


Innate Abilities, Weirdness & Mutations

You have hoof-like feet.
Your flesh is cold resistant. (rC+)
You are completely covered in sharp spines.
When seriously injured, your bleeding wounds create thick armour. (AC +9)


Message History

The seven-headed hydra bites you!
* * * LOW HITPOINT WARNING * * *
The seven-headed hydra bites you!
* * * LOW HITPOINT WARNING * * *
The seven-headed hydra bites you.
* * * LOW HITPOINT WARNING * * *
The seven-headed hydra bites you.
* * * LOW HITPOINT WARNING * * *
The seven-headed hydra bites you.
* * * LOW HITPOINT WARNING * * *
The seven-headed hydra bites you but does no damage.
Your shield and scales of the Dragon King prevent you from hitting the seven-headed hydra.
You kick the seven-headed hydra!
The seven-headed hydra is almost dead.
You block the seven-headed hydra's attack.
The seven-headed hydra completely misses you.
You block the seven-headed hydra's attack.
The seven-headed hydra bites you but does no damage. x3
The seven-headed hydra bites you!
You die...

♣.≈≈≈.≈≈≈≈≈≈....♣
♣♣.≈≈≈≈≈≈≈≈≈..♣..♣♣
♣♣♣..≈≈≈≈≈≈≈≈≈..♣...♣
♣≈.≈≈≈≈≈≈≈.§☼....≈≈≈♣♣
♣.≈≈....°°♣○≈.....≈♣♣
♣§......♣♣♣♣♣††≈≈≈.≈.
♣...♣§≈♣♣ ♣.≈≈≈≈§≈≈
♣♣♣≈≈.♣♣♣♣ ♣D≈≈≈≈...
≈♣≈≈≈..♣ ♣♣@≈≈≈≈≈≈≈
......♣♣ ♣...≈≈≈≈≈≈
....<.♣ ♣..≈.≈≈≈≈≈..
..≈.♣♣♣ ♣.≈≈≈♣.≈....
.≈.♣ ♣♣..≈≈.$♣♣≈♣ .≈≈
♣♣♣♣♣♣♣♣ ♣♣ ≈. ♣♣


You could see a seven-headed hydra.

Vanquished Creatures
  A dire elephant (Lair:6)
  5 hydras
  A merfolk avatar (Lair:6)
  2 catoblepae
  Erica (D:8)
  A queen ant (Lair:2)
  A two-headed ogre (D:8)
  A spriggan (Lair:3)
  A harpy (Lair:6)
  A swamp dragon (Swamp:1)
  2 manticores (Lair:6)
  Joseph (D:8)
  5 elephants (Lair:6)
  A torpor snail (Lair:3)
  4 black mambas
  11 spiny frogs
  3 rime drakes
  4 komodo dragons (Lair:6)
  A queen bee (Lair:5)
  2 polar bears (Lair:6)
  A tyrant leech (Swamp:1)
  3 meliai (Lair:5)
  3 hornets
  13 blink frogs
  6 hippogriffs
  13 dream sheep
  41 yaks
  Sigmund (D:6)
  3 wyverns
  2 golden eyes (Slime:1)
  2 basilisks (Lair:4)
  5 vampire mosquitoes (Lair:3)
  4 soldier ants (Lair:2)
  2 swamp worms (Swamp:1)
  6 porcupines
  16 water moccasins
  A swamp drake (Swamp:1)
  A sky beast (D:5)
  2 ice beasts
  3 phantoms
  2 ogres
  A necrophage (D:6)
  2 centaurs
  39 wolves (Lair:3)
  2 big kobolds (D:8)
  13 crocodiles
  15 bullfrogs
  A scorpion (D:7)
  5 wights (D:8)
  20 killer bees (Lair:5)
  3 howler monkeys (D:8)
  2 electric eels (Lair:2)
  A crimson imp (D:6)
  A centaur zombie (D:6)
  A bullfrog skeleton (D:5)
  3 orc priests
  3 jellies
  3 hounds
  3 centaur skeletons
  4 iguanas
  4 orc wizards
  25 worker ants
  A hound zombie (D:6)
  A worker ant zombie (D:6)
  6 adders
  2 shadow imps
  2 oozes
  An adder zombie (D:7)
  3 worms
  3 dart slugs
  3 leopard geckos
  18 orcs
  7 bats
  4 giant cockroaches
  8 goblins
  9 hobgoblins
  17 jackals
  3 quokkas
  3 ball pythons
  4 frilled lizards
  2 gnoll zombies (D:4)
  A jackal skeleton (D:4)
  11 kobolds
  4 rats
443 creatures vanquished.

Vanquished Creatures (others)
  11 fungi
  6 plants (Lair:6)
17 creatures vanquished.

Grand Total: 460 creatures vanquished

Notes
Turn   | Place    | Note
-------+----------+-------------------------------------------
     0 | D:1      | engine7v the Demonspawn Berserker began the quest for the
                  | Orb.
     0 | D:1      | Reached XP level 1. HP: 18/18 MP: 1/1
   228 | D:1      | Gained mutation: You are partially covered in sharp spines.
                  | [demonic ancestry]
   228 | D:1      | Reached XP level 2. HP: 6/24 MP: 2/2
   928 | D:1      | Gained mutation: When seriously injured, your bleeding
                  | wounds create armour. (AC +9) [demonic ancestry]
   928 | D:1      | Reached XP level 3. HP: 28/29 MP: 3/3
  1217 | D:2      | Found a hide-covered altar of Uskayaw.
  1307 | D:2      | Reached ** piety under Trog
  1967 | D:3      | Reached XP level 4. HP: 34/35 MP: 4/4
  2015 | D:3      | You fall into a shaft and drop 1 floor!
  2363 | D:3      | Found a hazy altar of Hepliaklqana.
  2363 | D:3      | Found a glowing silver altar of Zin.
  2641 | D:4      | Found an ornate altar of the Wu Jian Council.
  2871 | D:4      | Reached XP level 5. HP: 35/41 MP: 5/5
  3014 | D:4      | Found a basalt altar of Yredelemnul.
  3151 | D:4      | Found a stormy altar of Qazlal.
  3193 | D:4      | Found a staircase to the Ecumenical Temple.
  3225 | Temple   | Entered the Ecumenical Temple
  3347 | D:4      | Reached *** piety under Trog
  3354 | D:4      | Gained mutation: You have large cloven feet. [demonic
                  | ancestry]
  3354 | D:4      | Reached XP level 6. HP: 40/47 MP: 6/6
  3540 | D:5      | Entered Level 5 of the Dungeon
  3540 | D:5      | Found a sparkling altar of Nemelex Xobeh.
  3663 | D:5      | Found an ancient bone altar of Kikubaaqudgha.
  3664 | D:5      | Found a glowing golden altar of the Shining One.
  3664 | D:5      | Found a snail-covered altar of Cheibriados.
  3664 | D:5      | Found a shimmering blue altar of Sif Muna.
  3735 | D:5      | Reached skill level 5 in Axes
  3914 | D:5      | Noticed a sky beast
  3920 | D:5      | Killed a sky beast
  3920 | D:5      | Gained mutation: When seriously injured, your bleeding
                  | wounds create thick armour. (AC +9) [demonic ancestry]
  3920 | D:5      | Reached XP level 7. HP: 53/53 MP: 7/7
  4566 | D:6      | Reached skill level 1 in Stealth
  4566 | D:6      | Gained mutation: You are mostly covered in sharp spines.
                  | [demonic ancestry]
  4566 | D:6      | Reached XP level 8. HP: 40/59 MP: 8/8
  4578 | D:6      | Reached skill level 1 in Shields
  4701 | D:6      | Reached **** piety under Trog
  4712 | D:6      | Found a runed translucent door.
  4713 | D:6      | Noticed an angel
  4716 | D:6      | Found a white marble altar of Elyvilon.
  4881 | D:6      | Noticed Sigmund
  4897 | D:6      | Killed Sigmund
  5239 | D:7      | Reached skill level 5 in Fighting
  5278 | D:7      | Noticed a hippogriff
  5285 | D:7      | Killed a hippogriff
  5317 | D:7      | Reached skill level 5 in Armour
  5430 | D:7      | Noticed a hippogriff
  5439 | D:7      | Killed a hippogriff
  5439 | D:7      | Reached XP level 9. HP: 49/66 MP: 9/9
  5902 | D:7      | Got a crude mace
  5903 | D:7      | Identified the +10 mace of Slime {flame, *Noise rC+ Dex+2}
                  | (You found it on level 7 of the Dungeon)
  5974 | D:7      | Found Yxkomups's Book Shop.
  6675 | D:8      | Noticed Erica
  6679 | D:8      | Found a staircase to the Lair.
  6687 | D:8      | Killed Erica
  6796 | D:8      | Noticed Joseph
  6806 | D:8      | Killed Joseph
  6806 | D:8      | Reached XP level 10. HP: 67/76 MP: 10/10
  6851 | D:8      | Found a sacrificial altar of Ru.
  6958 | D:8      | Noticed a two-headed ogre
  6966 | D:8      | Killed a two-headed ogre
  7562 | Lair:1   | Entered Level 1 of the Lair of Beasts
  7647 | Lair:1   | Noticed a spiny frog
  7655 | Lair:1   | Killed a spiny frog
  7655 | Lair:1   | Reached skill level 5 in Maces & Flails
  7921 | Lair:1   | Noticed a spiny frog
  7928 | Lair:1   | Killed a spiny frog
  8227 | Lair:1   | Noticed a black mamba
  8234 | Lair:1   | Killed a black mamba
  8362 | Lair:1   | Reached XP level 11. HP: 38/83 MP: 11/11
  8787 | Lair:1   | Found the +9 scales of the Dragon King {rPois rF+ rC+ MR+}
  8994 | Lair:1   | Reached ***** piety under Trog
  9209 | Lair:1   | You fall into a shaft and drop 1 floor!
  9474 | Lair:2   | Noticed a queen ant
  9486 | Lair:2   | Killed a queen ant
 10034 | Lair:2   | Received a gift from Trog
 10301 | Lair:2   | Reached skill level 5 in Shields
 10847 | Lair:3   | Noticed a spriggan rider
 10860 | Lair:3   | Gained mutation: You are completely covered in sharp
                  | spines. [demonic ancestry]
 10860 | Lair:3   | Reached XP level 12. HP: 85/92 MP: 12/12
 11190 | Lair:3   | Found a staircase to the Snake Pit.
 11196 | Lair:3   | Received a gift from Trog
 11522 | Lair:3   | Found a staircase to the Swamp.
 12387 | Lair:4   | Reached skill level 10 in Maces & Flails
 12724 | Lair:5   | Noticed a catoblepas
 12743 | Lair:5   | Killed a catoblepas
 13016 | Lair:5   | Reached skill level 10 in Armour
 13389 | Lair:5   | Reached ****** piety under Trog
 13441 | Lair:5   | Gained mutation: Your flesh is cold resistant. (rC+)
                  | [demonic ancestry]
 13441 | Lair:5   | Reached XP level 13. HP: 101/101 MP: 13/13
 13580 | Lair:6   | Entered Level 6 of the Lair of Beasts
 13864 | Lair:6   | Paralysed by a hornet for 1 turns
 13875 | Lair:5   | Received a gift from Trog
 14911 | Lair:6   | Found a staircase to the Slime Pits.
 14911 | Lair:6   | Found a viscous altar of Jiyva.
 14971 | Lair:6   | Reached skill level 10 in Fighting
 15268 | Lair:6   | Noticed a dire elephant
 15285 | Lair:6   | Killed a dire elephant
 15829 | Lair:6   | Received a gift from Trog
 16391 | Slime:1  | Entered Level 1 of the Pits of Slime
 16395 | Slime:1  | Noticed an azure jelly
 16399 | Slime:1  | Noticed an acid blob
 17160 | Swamp:1  | Entered Level 1 of the Swamp
 17208 | Swamp:1  | Gained mutation: You have hoof-like feet. [demonic
                  | ancestry]
 17208 | Swamp:1  | Reached XP level 14. HP: 56/110 MP: 9/14
 17245 | Swamp:1  | Slain by a seven-headed hydra

Levels and vault maps discovered:
D:1:      ncdulo_smallfort, layout_loops_ring, minmay_pentomino_v4
D:2:      layout_basic, old_standard_altar, minmay_strange_pillars,
          minivault_25, hangedman_decor_opposing
D:3:      layout_loops_cross, gammafunk_temple_overflow_wave
D:4:      layout_basic, lemuel_crystal_altar, lemuel_zombie_altar_yredelemnul,
          kennysheep_little_box, minmay_temple_entry_drinking_statues,
          fountainhead
D:5:      layout_basic, chequers_temple_overflow_statue_of_worship,
          nemelex_xobeh_ov_fountains_minmay, first_ration,
          minmay_misc_feat_roman
D:6:      layout_cave_pools, lemuel_angel_altar, uniq_sigmund
D:7:      layout_gridville, serial_shops,
          nicolae_shop_temple_entry_statues_fountains
D:8:      layout_cave_pods, nicolae_ru_great_annihilating_truth,
          lair_entry_dummy, uniq_joseph, uniq_erica
Temple:   cyrus_temple_forest
Lair:1:   layout_regular_city
Lair:2:   layout_long_grid, minmay_another_anthill, serial_bayou_shore_a
Lair:3:   layout_chaotic_city, minmay_swamp_entry_swarm, dummy_snake_entry,
          grunt_forest_large_clearings
Lair:4:   layout_gridlike
Lair:5:   layout_roguey, special_room [special_room_bee], serial_bayou_pond_b,
          lookout_lair_type
Lair:6:   gammafunk_lair_ancient_temple, layout_regular_city, slime_altar_1,
          chequers_serial_rivers_large_b
Swamp:1:  layout_basic_swamp, evilmike_swamp_ruin_rubble_1, swamp_pool2,
          st_swamp_ruins_4
Slime:1:  layout_caves

Skill      XL: |  1  2  3  4  5  6  7  8  9 10 11 12 13 |
---------------+----------------------------------------+-----
Axes           | 3 4 5 6 8 9 |  9.2
Dodging        | 2 3 4 |  4.3
Armour         | 2 3 4 5 6 7 9 10 11 | 11.0
Fighting       | 4 5 6 7 9 10 | 10.2
Stealth        | 1 |  1.5
Shields        | 2 3 4 6 7 9 |  9.3
Maces & Flails | 2 6 8 10 11 | 11.9

Action                   |  1- 3 |  4- 6 |  7- 9 | 10-12 | 13-15 || total
-------------------------+-------+-------+-------+-------+-------++-------
Melee: Hand axe          |    99 |    62 |       |       |       ||   161
       War axe           |       |    38 |   138 |       |       ||   176
       Kick              |       |    11 |    54 |   177 |   122 ||   364
       Mace              |       |       |    43 |   519 |   295 ||   857
Invok: Berserk           |       |     1 |     2 |     4 |     4 ||    11
       Brothers in Arms  |       |       |       |       |     1 ||     1
       Trog's Hand       |       |       |       |       |     1 ||     1
  Use: Scroll            |     6 |     2 |     2 |     7 |       ||    17
       Potion            |     5 |       |     3 |     4 |       ||    12
 Stab: Paralysed         |       |       |       |     1 |       ||     1
  Eat: Ration            |     1 |     2 |     2 |     2 |     5 ||    12
       Chunk             |       |       |     7 |    16 |     2 ||    25
Armor: Animal skin       |     6 |       |       |       |       ||     6
       Leather armour    |     3 |       |       |       |       ||     3
       Chain mail        |    25 |    53 |    94 |    36 |       ||   208
       Ring mail         |     2 |       |       |       |       ||     2
       Gold dragon scale |       |       |       |   281 |   230 ||   511
Dodge: Dodged            |    57 |    44 |    67 |    79 |    36 ||   283
Block: Buckler           |       |     9 |    27 |       |       ||    36
       Shield            |       |       |    19 |   302 |   195 ||   516
